 Dungeon Crawl Stone Soup version 0.30-a0-414-gcb316572d5 (webtiles) character file.

Game seed: 14793859200591096397

163 IdlyInterested the Cudgeller (level 5, 0/39 HPs)
             Began as a Demonspawn Wanderer on Dec 7, 2022.
             Slain by an ogre
             ... wielding a +0 giant club
              (27 damage)
             ... on level 5 of the Dungeon.
             The game lasted 00:11:16 (3269 turns).

IdlyInterested the Cudgeller (Demonspawn Wanderer)  Turns: 3269, Time: 00:11:17

Health: 0/39       AC:  4    Str: 14    XL:     5   Next: 20%
Magic:  3/6        EV: 12    Int: 15    God:
Gold:   163        SH:  0    Dex: 17    Spells: 5/6 levels left

rFire   + . .      SeeInvis .    a - +0 mace (chaos)
rCold   x . .      Faith    .    q - orb {light}
rNeg    . . .      Spirit   .    f - +1 robe of Zuskedda {Dex+2}
rPois   .          Reflect  .    (no helmet)
rElec   .          Harm     .    b - +0 cloak
rCorr   .          Rampage  .    (no gloves)
Will    .....                    (no boots)
Stlth   ++........               o - amulet of regeneration
HPRegen 1.06/turn                d - ring of fire
MPRegen 0.10/turn                (no ring)

@: glowing
A: thin skeletal structure 2
a: no special abilities


You were on level 5 of the Dungeon.
You visited 1 branch of the dungeon, and saw 5 of its levels.

You collected 163 gold pieces.

Inventory:

Hand Weapons
 a - a +0 mace of chaos (weapon)
 s - the +4 short sword of Karma {drain, Drain Str+2 Int+6 Dex-5}
   (You found it on level 3 of the Dungeon)

   A truly terrible weapon, it drains the life of any living foe it strikes.
   Str:       It affects your strength (+2).
   Int:       It affects your intelligence (+6).
   Dex:       It affects your dexterity (-5).
   Drain:     It drains your maximum health when unequipped.
 t - a +0 rapier
Missiles
 e - 20 stones
 l - 2 throwing nets
 m - 11 poisoned darts
Armour
 b - a +0 cloak (worn)
 f - the +1 robe of Zuskedda (worn) {Dex+2}
   (You found it on level 3 of the Dungeon)

   Dex:       It affects your dexterity (+2).
 p - a +0 scale mail
 q - an orb of light (worn)
Jewellery
 d - a ring of fire (left hand)
 o - an amulet of regeneration (around neck)
Wands
 h - a wand of quicksilver (10)
Scrolls
 c - a scroll of butterflies
 i - a scroll of brand weapon
 j - a scroll of identify {unknown}
 n - a scroll of enchant armour {unknown}
Potions
 g - a potion of heal wounds
 k - a potion of flight {unknown}
 r - a potion of attraction {unknown}


   Skills:
 + Level 2.4 Fighting
 - Level 4.0 Maces & Flails
 - Level 1.0 Throwing
 - Level 1.0 Armour
 - Level 1.0 Dodging
 - Level 2.0 Stealth
 - Level 1.0 Spellcasting
 * Level 0.9 Conjurations
 + Level 2.9 Fire Magic
 - Level 1.2 Invocations


You had 5 spell levels left.
You knew the following spells:

 Your Spells              Type           Power      Damage    Failure   Level
a - Foxfire               Conj/Fire      36%        2x1d5     11%         1

Your spell library contained the following spells:

 Spells                   Type           Power      Damage    Failure   Level
 Inner Flame              Hex/Fire       7%         N/A       38%         3
 Flame Wave               Conj/Fire      9%         2d6       73%         4
 Manifold Assault         Tloc           0%         N/A       94%         4
 Conjure Ball Lightning   Conj/Air       1%         3x3d6     100%        6
 Dispersal                Tloc           0%         N/A       100%        6
 Discord                  Hex            0%         N/A       100%        8
 Disjunction              Tloc           0%         N/A       100%        8


Dungeon Overview and Level Annotations

Branches:
Dungeon (4/15)
 Temple: D:4-7

Altars:
Fedhas

Shops:
D:3 [


Innate Abilities, Weirdness & Mutations

You have a moderately thin skeletal structure. (Dex +4, Stealth++)


Message History

You kill the iguana!
You have reached level 5!
An ogre comes into view. It is wielding a +0 giant club.
The ogre shouts!
Casting: Foxfire (safe; 11% risk of failure)
Press: ? - help, Q - select action, (/) - cycle Dir - look around, f - activate You feel a surge of power!
You miscast Foxfire.
You are very lightly contaminated with residual magic.
Nothing appears to happen.
Casting: Foxfire (safe; 11% risk of failure)
Press: ? - help, Q - select action, (/) - cycle Dir - look around, f - activate You feel a surge of power!
You conjure some foxfire!
Casting: Foxfire (safe; 11% risk of failure)
Press: ? - help, Q - select action, (/) - cycle Dir - look around, f - activate You feel a surge of power!
You conjure some foxfire!
The foxfire hits the ogre.
The ogre is lightly wounded.
The foxfire hits the ogre.
The ogre is lightly wounded.
You hit the ogre but do no damage.
The ogre is lightly wounded.
The foxfire hits the ogre.
The ogre is lightly wounded.
The foxfire hits the ogre.
The ogre is moderately wounded.
The ogre hits you with a +0 giant club!
You hit the ogre.
The ogre is heavily wounded.
You sock the ogre! You burn the ogre.
The ogre is severely wounded.
The ogre barely misses you.
You hit the ogre.
The ogre is severely wounded.
The ogre closely misses you.
Your magical contamination has completely faded away.
You hit the ogre.
The ogre is almost dead.
The ogre hits you with a +0 giant club!!
Ouch! That really hurt!
You die...

#...# #...#
#...# #...#
#...#
######...#
.........#
########..##
......O@...#
.......(...#
############


You could see an ogre.

Vanquished Creatures
  A hound (D:3)
  An iguana (D:5)
  Jessica (D:3)
  2 adders
  2 worms
  3 dart slugs
  2 orcs (D:4)
  7 endoplasms
  4 goblins
  3 jackals (D:1)
  8 kobolds
  A quokka (D:2)
  4 ball pythons
  7 bats
  3 frilled lizards
  5 rats
54 creatures vanquished.

Vanquished Creatures (others)
  61 foxfires
61 creatures vanquished.

Grand Total: 115 creatures vanquished

Notes
Turn   | Place    | Note
-------+----------+-------------------------------------------
     0 | D:1      | IdlyInterested the Demonspawn Wanderer began the quest for
                  | the Orb.
     0 | D:1      | IdlyInterested set off with the following items: a +0 mace,
                  | a +0 cloak, a scroll of butterflies, a +0 robe; and the
                  | following spell memorised: Foxfire; and the following
                  | spells available to memorise: Inner Flame, Flame Wave.
     0 | D:1      | Reached XP level 1. HP: 13/13 MP: 2/2
   153 | D:1      | Reached skill level 4 in Maces & Flails
   168 | D:1      | Gained mutation: You have a somewhat thin skeletal
                  | structure. (Dex +2, Stealth+) [demonic ancestry]
   168 | D:1      | Reached XP level 2. HP: 19/19 MP: 3/3
   665 | D:1      | Gained mutation: You have a moderately thin skeletal
                  | structure. (Dex +4, Stealth++) [demonic ancestry]
   665 | D:1      | Reached XP level 3. HP: 25/25 MP: 4/4
  1102 | D:2      | Found a blossoming altar of Fedhas.
  1122 | D:2      | Reached skill level 1 in Armour
  1640 | D:2      | Reached skill level 1 in Fighting
  2136 | D:3      | Noticed Jessica
  2141 | D:3      | Killed Jessica
  2142 | D:3      | Reached skill level 1 in Dodging
  2142 | D:3      | Reached XP level 4. HP: 32/32 MP: 1/5
  2150 | D:3      | Identified the +4 short sword of Karma {drain, Drain Str+2
                  | Int+6 Dex-5}
  2240 | D:3      | Reached skill level 1 in Throwing
  2530 | D:3      | Identified the +1 robe of Zuskedda {Dex+2}
  2578 | D:3      | Found Asuloc's Antique Armour Emporium.
  3139 | D:4      | You fall into a shaft and drop 1 floor!
  3139 | D:5      | Entered Level 5 of the Dungeon
  3230 | D:5      | Reached XP level 5. HP: 39/39 MP: 6/6
  3260 | D:5      | Noticed an ogre
  3269 | D:5      | Slain by an ogre

Illustrated notes

Levels and vault maps discovered:
D:1:      psy_arrival_conway, layout_basic
D:2:      layout_basic, serial_corexii_hall, chequers_hall_statues_corner_a,
          corexii_hall_statues_i, corexii_hall_statues_u,
          corexii_hall_statues_s, basic_altar
D:3:      layout_rooms, serial_shops, shop, corexii_hall_statues_x, uniq_jessica
D:4:      layout_basic, minmay_cut_off, uniq_natasha
D:5:      layout_basic, mainiacjoe_overflow_chevrons, dreamdust_wishing_well

Skill      XL: |  1  2  3  4 |
---------------+-------------+-----
Maces & Flails | 4 |  4.0
Fire Magic     | 2 |  2.9
Stealth        | 2 |  2.0
Armour         | 1 |  1.0
Fighting       | 1 2 |  2.4
Dodging        | 1 |  1.0
Throwing       | 1 |  1.0
Spellcasting   | |  1.0
Conjurations   | |  0.9
Invocations    | |  1.2

Action                   |  1- 3 |  4- 6 || total
-------------------------+-------+-------++-------
Melee: Mace              |    82 |    40 ||   122
       Punch             |     1 |       ||     1
Throw: Stone             |       |     6 ||     6
 Cast: Foxfire           |    13 |    23 ||    36
  Use: Scroll            |     1 |     1 ||     2
       Potion            |     1 |       ||     1
 Stab: Sleeping          |     6 |       ||     6
       Paralysed         |       |     3 ||     3
Armor: Robe              |    29 |    15 ||    44
Dodge: Dodged            |    52 |    35 ||    87

Table legend: (Time is in decaauts)
 A = Elapsed time spent in this place.
 B = Non-inter-level travel time spent in this place.
 C = Inter-level travel time spent in this place.
 D = Time resting spent in this place.
 E = Time spent auto-exploring this place.
 F = Levels seen in this place.
 G = Mean time per level.
                   A        B        C        D        E       F      G
               +--------+--------+--------+--------+--------+-----+--------+
         Total |   3298 |   2795 |    503 |    382 |   1792 |   5 |  659.6 |
       Dungeon |   3298 |   2795 |    503 |    382 |   1792 |   5 |  659.6 |
               +--------+--------+--------+--------+--------+-----+--------+

Top non-repeatable levels by time:
     D:2: 1218 daAuts
     D:1: 1012 daAuts
     D:3: 896 daAuts
     D:5: 131 daAuts
     D:4: 40 daAuts
